Workbook

Sheet Источники фин.
F3: Приложение 1
F4: к приложению 1
F5: решения Совета депутатов
F6: Виллозское городское поселение
F7: от "06" ноября 2019 г. № 18___
A9: ИСТОЧНИКИ ФИНАНСИРОВАНИЯ ДЕФИЦИТА МЕСТНОГО БЮДЖЕТА муниципального образования Виллозское городское поселение Ломоносовского муниципального района Ленинградской области на 2020 год и плановый период 2021 и 2022 годов
A10: № п/п | B10: Наименование источника | C10: Код бюджетной классификации | D10: Планируемый объем, тыс. руб.
D11: 2020 год | E11: 2021 год | F11: 2022 год
A12: 1. | B12: Изменение остатков средств на счетах по учету средств бюджета | C12: 905 01 05 00 00 00 0000 000 | D12: =D13 -> 223012.3 | E12: =E13 -> 8163.5 | F12: =F13 -> 20875.5
A13: 1.1. | B13: Изменение прочих остатков денежных средств бюджетов | C13: 905 01 05 02 01 00 0000 000 | D13: ='Расходы функц. 2016'!E11-'Доходы 16'!D32 -> 223012.3 | E13: ='Расходы функц. 2016'!F11-'Доходы 16'!E32 -> 8163.5 | F13: ='Расходы функц. 2016'!G11-'Доходы 16'!F32 -> 20875.5

Sheet Доходы 16
F1: Приложение 2
F2: к приложению 1
F3: решения Совета депутатов
F4: Виллозское городское поселение
F5: от "06" ноября 2019 г. № 18
A7: ПОСТУПЛЕНИЕ ДОХОДОВ В МЕСТНЫЙ БЮДЖЕТ муниципального образования Виллозское городское поселение Ломоносовского муниципального района Ленинградской области на 2020 год и плановый период 2021 и 2022 годов
A8: № п/п | B8: Код доходов | C8: Наименование статьи доходов | D8: Сумма, тыс.руб.
D9: 2020 год | E9: 2021 год | F9: 2022 год
B10: 1 00 00000 00 0000 000 | C10: НАЛОГОВЫЕ И НЕНАЛОГОВЫЕ ДОХОДЫ | D10: =D11+D13+D18+D26+D23+D21+D29 -> 341300.7 | E10: =E11+E13+E18+E26+E23+E21+E29 -> 357684.5 | F10: =F11+F13+F18+F26+F23+F21+F29 -> 375562.5
A11: 1. | B11: 1 01 00000 00 0000 000 | C11: НАЛОГИ НА ПРИБЫЛЬ, ДОХОДЫ | D11: =D12 -> 198012 | E11: =E12 -> 211279 | F11: =F12 -> 226069
A12: 1.1. | B12: 1 01 02000 01 0000 110 | C12: Налог на доходы физических лиц | D12: 198012 | E12: 211279 | F12: 226069
A13: 2. | B13: 1 03 00000 00 0000 000 | C13: НАЛОГИ НА ТОВАРЫ (РАБОТЫ, УСЛУГИ), РЕАЛИЗУЕМЫЕ НА ТЕРРИТОРИИ РОССИЙСКОЙ ФЕДЕРАЦИИ | D13: =D14+D15+D16+D17 -> 1226.6 | E13: =E14+E15+E16+E17 -> 1361.9 | F13: =F14+F15+F16+F17 -> 1361.9
A14: 2.1. | B14: 1 03 02230 01 0000 110 | C14: Доходы от уплаты акцизов на дизельное топливо, подлежащие распределению между бюджетами субъектов Российской Федерации и местными бюджетами с учетом установленных дифференцированных нормативов отчислений в местные бюджеты | D14: 556 | E14: 616.9 | F14: 616.9
A15: 2.2. | B15: 1 03 02240 01 0000 110 | C15: Доходы от уплаты акцизов на моторные масла для дизельных и (или) карбюраторных (инжекторных) двигателей, подлежащие распределению между бюджетами субъектов Российской Федерации и местными бюджетами с учетом установленных дифференцированных нормативов отчислений в местные бюджеты | D15: 3 | E15: 3 | F15: 3
A16: 2.3. | B16: 1 03 02250 01 0000 110 | C16: Доходы от уплаты акцизов на автомобильный бензин, подлежащие распределению между бюджетами субъектов Российской Федерации и местными бюджетами с учетом установленных дифференцированных нормативов отчислений в местные бюджеты | D16: 666.6 | E16: 741 | F16: 741
A17: 2.4. | B17: 1 03 02260 01 0000 110 | C17: Доходы от уплаты акцизов на прямогонный бензин, подлежащие распределению между бюджетами субъектов Российской Федерации и местными бюджетами с учетом установленных дифференцированных нормативов отчислений в местные бюджеты | D17: 1 | E17: 1 | F17: 1
A18: 3. | B18: 1 06 00000 00 0000 000 | C18: НАЛОГИ НА ИМУЩЕСТВО | D18: =D19+D20 -> 131022.1 | E18: =E19+E20 -> 133713.8 | F18: =F19+F20 -> 136462
A19: 3.1. | B19: 1 06 01000 00 0000 110 | C19: Налог на имущество физических лиц | D19: 3561.3 | E19: 3703.8 | F19: 3851.9
A20: 3.3. | B20: 1 06 06000 00 0000 110 | C20: Земельный налог | D20: 127460.8 | E20: 130010 | F20: 132610.1
A21: 4. | B21: 1 08 00000 00 0000 000 | C21: ГОСУДАРСТВЕННАЯ ПОШЛИНА | D21: =D22 -> 5 | E21: =E22 -> 4.8 | F21: =F22 -> 4.6
A22: 4.1. | B22: 1 08 04000 01 0000 110 | C22: Государственная пошлина за совершение нотариальных действий (за исключением действий, совершаемых консульскими учреждениями Российской Федерации) | D22: 5 | E22: 4.8 | F22: 4.6
A23: 5. | B23: 1 11 00000 00 0000 000 | C23: ДОХОДЫ ОТ ИСПОЛЬЗОВАНИЯ ИМУЩЕСТВА, НАХОДЯЩЕГОСЯ В ГОСУДАРСТВЕННОЙ И МУНИЦИПАЛЬНОЙ СОБСТВЕННОСТИ | D23: =D24+D25 -> 9260 | E23: =E24+E25 -> 9550 | F23: =F24+F25 -> 9890
A24: 5.1. | B24: 1 11 05000 00 0000 120 | C24: Доходы, получаемые в виде арендной либо иной платы за передачу в возмездное пользование государственного и муниципального имущества (за исключением имущества бюджетных и автономных учреждений, а также имущества государственных и муниципальных унитарных предприятий, в том числе казенных) | D24: 8810 | E24: 9110 | F24: 9460
A25: 5.3. | B25: 1 11 09000 00 0000 120 | C25: Прочие доходы от использования имущества и прав, находящихся в государственной и муниципальной собственности (за исключением имущества бюджетных и автономных учреждений, а также имущества государственных и муниципальных унитарных предприятий, в том числе казенных) | D25: 450 | E25: 440 | F25: 430
A26: 6. | B26: 1 14 00000 00 0000 000 | C26: ДОХОДЫ ОТ ПРОДАЖИ МАТЕРИАЛЬНЫХ И НЕМАТЕРИАЛЬНЫХ АКТИВОВ | D26: =D27+D28 -> 1675 | E26: =E27+E28 -> 1675 | F26: =F27+F28 -> 1675
B27: 1 14 06000 00 0000 430 | C27: Доходы от продажи земельных участков, находящихся в государственной и муниципальной собственности | D27: 1000 | E27: 1000 | F27: 1000
B28: 1 14 06300 00 0000 430 | C28: Плата за увеличение площади земельных участков, находящихся в частной собственности, в результате перераспределения таких земельных участков и земель (или) земельных участков, находящихся в государственной или муниципальной собственности | D28: 675 | E28: 675 | F28: 675
A29: 7. | B29: 116 00000 00 0000 000 | C29: ШТРАФЫ, САНКЦИИ, ВОЗМЕЩЕНИЕ УЩЕРБА | D29: =D30 -> 100 | E29: =E30 -> 100 | F29: 100
A30: 7.1. | B30: 116 90000 00 0000 000 | C30: Прочие поступления от денежных взысканий (штрафов) и иных сумм в возмещение ущерба | D30: 100 | E30: 100 | F30: 50
A31: 9. | B31: 200 00000 00 0000 000 | C31: БЕЗВОЗМЕЗДНЫЕ ПОСТУПЛЕНИЯ | D31: ='Безв. поступления 16'!C13 -> 90284.9 | E31: ='Безв. поступления 16'!D13 -> 60606 | F31: ='Безв. поступления 16'!E13 -> 3.5
A32: ИТОГО ДОХОДОВ | D32: =D10+D31 -> 431585.6 | E32: =E10+E31 -> 418290.5 | F32: =F10+F31 -> 375566

Sheet Безв. поступления 16
E1: Приложение 3
E2: к приложению 1
E3: решения Совета депутатов
E4: Виллозское городское поселение
E5: от "06" ноября 2019 г. № 18
A7: БЕЗВОЗМЕЗДНЫЕ ПОСТУПЛЕНИЯ В МЕСТНЫЙ БЮДЖЕТ
A8: муниципального образования Виллозское городское поселение Ломоносовского муниципального района Ленинградской области на 2020 год и плановый период 2021 и 2022 годов
A10: Код бюджетной классификации | B10: Источники доходов | C10: Планируемый объем, тыс.руб.
C11: 2020 год | D11: 2021 год | E11: 2022 год
A12: 1 | B12: 2 | C12: 3 | D12: 4 | E12: 5
A13: 2 00 00000 00 0000 000 | B13: БЕЗВОЗМЕЗДНЫЕ ПОСТУПЛЕНИЯ | C13: =C14 -> 90284.9 | D13: =D14 -> 60606 | E13: =E14 -> 3.5
A14: 2 02 00000 00 0000 000 | B14: БЕЗВОЗМЕЗДНЫЕ ПОСТУПЛЕНИЯ ОТ ДРУГИХ БЮДЖЕТОВ БЮДЖЕТНОЙ СИСТЕМЫ РОССИЙСКОЙ ФЕДЕРАЦИИ | C14: =C15+C24 -> 90284.9 | D14: =D15+D24 -> 60606 | E14: =E15+E24 -> 3.5
A15: 202 20000 00 0000 150 | B15: Субсидии бюджетам субъектов Российской Федерации и муниципальных образований (межбюджетные субсидии) | C15: =C16+C18+C20+C22 -> 90000 | D15: =D16+D18+D20+D22 -> 60311 | E15: =E16+E18+E20+E22 -> 0
A16: 2 02 20077 00 0000 150 | B16: Субсидии бюджетам на софинансирование капитальных вложений в объекты муниципальной собственности | C16: =C17 -> 90000 | D16: =D17 -> 60311 | E16: =E17 -> 0
A17: 2 02 20077 13 0000 150 | B17: Субсидии бюджетам городских поселений на софинансирование капитальных вложений в объекты муниципальной собственности | C17: 90000 | D17: 60311 | E17: 0
A18: 2 02 20216 00 0000 150 | B18: Субсидии бюджетам на осуществление дорожной деятельности в отношении автомобильных дорог общего пользования, а также капитального ремонта и ремонта дворовых территорий многоквартирных домов, проездов к дворовым территориям многоквартирных домов населенных пунктов | C18: =C19 -> 0 | D18: =D19 -> 0 | E18: =E19 -> 0
A19: 2 02 20216 13 0000 150 | B19: Субсидии бюджетам городских поселений на осуществление дорожной деятельности в отношении автомобильных дорог общего пользования, а также капитального ремонта и ремонта дворовых территорий многоквартирных домов, проездов к дворовым территориям многоквартирных домов населенных пунктов | C19: 0 | D19: 0 | E19: 0
A20: 2 02 25555 00 0000 150 | B20: Субсидии бюджетам на реализацию программ формирования современной городской среды | C20: =C21 -> 0 | D20: =D21 -> 0 | E20: =E21 -> 0
A21: 2 02 25555 13 0000 150 | B21: Субсидии бюджетам городских поселений на реализацию программ формирования современной городской среды | C21: 0 | D21: 0 | E21: 0
A22: 2 02 29999 00 0000 150 | B22: Прочие субсидии | C22: =C23 -> 0 | D22: =D23 -> 0 | E22: =E23 -> 0
A23: 2 02 29999 13 0000 150 | B23: Прочие субсидии бюджетам городских поселений | C23: 0 | D23: 0 | E23: 0
A24: 202 30000 00 0000 150 | B24: Субвенции бюджетам субъектов Российской Федерации и муниципальных образований | C24: =C25+C27 -> 284.9 | D24: =D25+D27 -> 295 | E24: =E25+E27 -> 3.5
A25: 202 30024 00 0000 150 | B25: Субвенции местным бюджетам на выполнение передаваемых полномочий субъектов Российской Федерации | C25: =C26 -> 3.5 | D25: =D26 -> 3.5 | E25: =E26 -> 3.5
A26: 202 30024 13 0000 150 | B26: Субвенции бюджетам городских поселений на выполнение передаваемых полномочий субъектов Российской Федерации | C26: 3.5 | D26: 3.5 | E26: 3.5
A27: 202 35118 00 0000 150 | B27: Субвенции бюджетам на осуществление первичного воинского учета на территориях, где отсутствуют военные комиссариаты | C27: =C28 -> 281.4 | D27: =D28 -> 291.5 | E27: =E28 -> 0
A28: 202 35118 13 0000 150 | B28: Субвенции бюджетам городских поселений на осуществление первичного воинского учета на территориях, где отсутствуют военные комиссариаты | C28: 281.4 | D28: 291.5 | E28: 0

Sheet Нормативы
I1: Приложение 4
I2: к приложению 1
I3: решения Совета депутатов
I4: Виллозское городское поселение
I5: от "06" ноября 2019 г. № 18
A6: НОРМАТИВЫ распределения доходов, не утвержденных Бюджетным кодексом Российской Федерации, Федеральными законами и законами субъектов Российской Федерации, поступающих в местный бюджет муниципального образования Виллозское городское поселение Ломоносовского муниципального района Ленинградской области на 2020 год и плановый период 2021 и 2022 годов
A11: Наименование дохода | F11: Норматив (процент) отчислений в бюджет муниципального образования Виллозское сельское поселение
A12: В ЧАСТИ ДОХОДОВ ОТ ОКАЗАНИЯ ПЛАТНЫХ УСЛУГ И КОМПЕНСАЦИИ ЗАТРАТ ГОСУДАРСТВА
A14: Прочие доходы от оказания платных услуг (работ) получателями средств бюджетов городских поселений | G14: 100
A15: В ЧАСТИ АДМИНИСТРАТИВНЫХ ПЛАТЕЖЕЙ И СБОРОВ
A17: Платежи, взимаемые органами местного самоуправления (организациями) городских поселений за выполнение определенных функций | G17: 100
A18: В ЧАСТИ ПРОЧИХ НЕНАЛОГОВЫХ ДОХОДОВ
A20: Невыясненные поступления, зачисляемые в бюджеты городских поселений | G20: 100

Sheet Перечень кодов 16
C1: Приложение 5
C2: к приложению 1
C3: решения Совета депутатов
C4: Виллозское городское поселение
C5: от "06" ноября 2019 г. № 18
A6: ПЕРЕЧЕНЬ И КОДЫ главных администраторов доходов местного бюджета муниципального образования Виллозское городское поселение Ломоносовского муниципального района Ленинградской области
A7: Код бюджетной классификации | C7: Наименование доходов
A8: главного администра-тора доходов | B8: доходов местного бюджета Виллозского городского поселения
A9: 905 | B9: Администрация Виллозского городского поселения Ломоносовского района
A10: 905 | B10: 1 08 04020 01 0000 110 | C10: Государственная пошлина за совершение нотариальных действий должностными лицами органов местного самоуправления, уполномоченными в соответствии с законодательными актами Российской Федерации на совершение нотариальных действий
A11: 905 | B11: 1 08 07170 01 0000 110 | C11: Государственная пошлина за выдачу специального разрешения на движение по автомобильным дорогам транспортных средств, осуществляющих перевозки опасных, тяжеловесных и (или) крупногабаритных грузов
A12: 905 | B12: 1 11 05013 13 0000 120 | C12: Доходы, получаемые в виде арендной платы за земельные участки, государственная собственность на которые не разграничена и которые расположены в границах городских поселений, а также средства от продажи права на заключение договоров аренды указанных земельных участков
A13: 905 | B13: 1 11 05075 13 0000 120 | C13: Доходы от сдачи в аренду имущества, составляющего казну городских поселений (за исключением земельных участков)
A14: 905 | B14: 1 11 05313 13 0000 120 | C14: Плата по соглашениям об установлении сервитута, заключенным органами местного самоуправления муниципальных районов, государственными или муниципальными предприятиями либо государственными или муниципальными учреждениями в отношении земельных участков, государственная собственность на которые не разграничена и которые расположены в границах городских поселений
A15: 905 | B15: 1 11 09045 13 0000 120 | C15: Прочие поступления от использования имущества, находящегося в собственности городских поселений (за исключением имущества муниципальных бюджетных и автономных учреждений, а также имущества муниципальных унитарных предприятий, в том числе казенных)
A16: 905 | B16: 1 13 01995 13 0000 130 | C16: Прочие доходы от оказания платных услуг (работ) получателями средств бюджетов городских поселений
A17: 905 | B17: 1 13 02995 13 0000 130 | C17: Прочие доходы от компенсации затрат бюджетов городских поселений
A18: 905 | B18: 1 14 01050 13 0000 410 | C18: Доходы от продажи квартир, находящихся в собственности городских поселений
A19: 905 | B19: 1 14 02053 13 0000 410 | C19: Доходы от реализации иного имущества, находящегося в собственности городских поселений (за исключением имущества муниципальных бюджетных и автономных учреждений, а также имущества муниципальных унитарных предприятий, в тем числе казенных), в части реализации основных средств по указанному имуществу
A20: 905 | B20: 1 14 02053 13 0000 440 | C20: Доходы от реализации иного имущества, находящегося в собственности городских поселений (за исключением имущества муниципальных бюджетных и автономных учреждений, а также имущества муниципальных унитарных предприятий, в том числе казенных), в части реализации материальных запасов по указанному имуществу
A21: 905 | B21: 1 14 06013 13 0000 430 | C21: Доходы от продажи земельных участков, государственная собственность на которые не разграничена и которые расположены в границах городских поселений
... A41: 905 | B41: 2 19 45160 13 0000 150 | C41: Возврат остатков иных межбюджетных трансфертов, передаваемых для компенсации дополнительных расходов, возникших в результате решений, принятых органами власти другого уровня, из бюджетов городских поселений

Sheet Администр. Источников
C1: Приложение 6
C2: к приложению 1
C3: решения Совета депутатов
C4: Виллозское городское поселение
C5: от "06" ноября 2019 г. № 18
A6: ПЕРЕЧЕНЬ ГЛАВНЫХ АДМИНИСТРАТОРОВ источников внутреннего финансирования дефицита местного бюджета муниципального образования Виллозское городское поселение Ломоносовского муниципального района Ленинградской области
A8: Код бюджетной классификации
A9: главного | B9: источников внутреннего | C9: Наименование главного администратора и источников
A10: админи- | B10: финансирования дефицита | C10: внутреннего финансирования дефицита местного бюджета
A11: стратора | B11: бюджета муниципального | C11: муниципального образования Виллозское городское поселение
B12: образования Виллозское
B13: городское поселение
A14: 1 | B14: 2 | C14: 3 | F14: 3
A15: 905 | C15: Администрация Виллозского городского поселения Ломоносовский района ИНН 4720007582 /КПП 472501001
A16: 905 | B16: 01 05 02 01 13 0000 510 | C16: Увеличение прочих остатков денежных средств местного бюджета
A17: 905 | B17: 01 05 02 01 13 0000 610 | C17: Уменьшение прочих остатков денежных средств местного бюджета

Sheet Перечень распорядителей
D1: Приложение 7
D2: к приложению 1
D3: решения Совета депутатов
D4: Виллозское городское поселение
D5: от "06" ноября 2019 г. № 18
B7: ПЕРЕЧЕНЬ ГЛАВНЫХ РАСПОРЯДИТЕЛЕЙ
B8: средств местного бюджета
B9: муниципального образования Виллозское городское поселение
B10: Ломоносовского муниципального района Ленинградской области
A12: № п/п | B12: Наименование | D12: Код главы по бюджетной классификации
B13: Полное | C13: Сокращенное
A14: 1 | B14: 2 | C14: 3 | D14: 4
A15: 1 | B15: Совет депутатов Виллозского городского поселения Ломоносовского района | C15: Совет депутатов Виллозского поселения | D15: 944
A16: 2 | B16: Администрация Виллозского городского поселения Ломоносовского района | C16: Администрация Виллозского городского поселения | D16: 905

Sheet Расходы функц. 2016
G1: Приложение 8
G2: к приложению 1
G3: решения Совета депутатов
G4: Виллозское городское поселение
G5: от "06" ноября 2019 г. № 18
A6: РАСПРЕДЕЛЕНИЕ БЮДЖЕТНЫХ АССИГНОВАНИЙ
A7: по целевым статьям (муниципальным программам муниципального образования Виллозское городское поселение и непрограммным направлениям деятельности) группам и подгруппам видов расходов классификации расходов бюджетов, а также по разделам и подразделам классификации расходов местного бюджета на 2020 год и плановый период 2021 и 2022 годов
A8: Наименование показателя | B8: целевая статья | C8: вид расхода | D8: раздел, подраздел | E8: Сумма, тыс. руб.
E9: 2020 год | F9: 2021 год | G9: 2022 год
A10: 1 | B10: 2 | C10: 3 | D10: 4 | E10: 5 | F10: 6 | G10: 7
A11: Всего | E11: =E12+E18+E22+E41+E57+E61+E70+E79+E85+E112+E145+E167+E199+E180+E187+E195 -> 654597.9 | F11: =F12+F18+F22+F41+F57+F61+F70+F79+F85+F112+F145+F167+F199+F180+F187+F195 -> 426454 | G11: =G12+G18+G22+G41+G57+G61+G70+G79+G85+G112+G145+G167+G199+G180+G187+G195 -> 396441.5
A12: Муниципальная программа «Развитие части территорий муниципального образования Виллозское городское поселение Ломоносовского муниципального района Ленинградской области на 2020 год» | B12: 0300000000 | E12: =E13 -> 2419.5 | F12: =F13 -> 0 | G12: =G13 -> 0
A13: Расходы по переданным отдельным государственным полномочиям, на участие в государственных программах | B13: 03000S0000 | E13: =E14 -> 2419.5 | F13: =F14 -> 0 | G13: =G14 -> 0
A14: Мероприятия по развитию части территорий поселения | B14: 03000S4770 | E14: =E15 -> 2419.5 | F14: =F15 -> 0 | G14: =G15 -> 0
A15: Иные закупки товаров, работ и услуг для обеспечения государственных (муниципальных) нужд | B15: 03000S4770 | C15: 240 | E15: =E16+E17 -> 2419.5 | F15: =F16+F17 -> 0 | G15: =G16+G17 -> 0
A16: Дорожное хозяйство (Дорожные фонды) | B16: 03000S4770 | C16: 240 | D16: 04 09 | E16: 1369.5 | F16: 0 | G16: 0
A17: Благоустройство | B17: 03000S4770 | C17: 240 | D17: 05 03 | E17: 1050 | F17: 0 | G17: 0
A18: Муниципальная программа «Капитальный ремонт муниципального жилищного фонда муниципального образования Виллозское городское поселение Ломоносовского муниципального района Ленинградской области на 2020 – 2022 годы» | B18: 0400000000 | E18: =E19 -> 1950 | F18: =F19 -> 1950 | G18: =G19 -> 1950
A19: Мероприятия по капитальному ремонту муниципального жилищного фонда | B19: 0400001010 | E19: =E20 -> 1950 | F19: =F20 -> 1950 | G19: =G20 -> 1950
A20: Иные закупки товаров, работ и услуг для обеспечения государственных (муниципальных) нужд | B20: 0400001010 | C20: 240 | E20: =E21 -> 1950 | F20: =F21 -> 1950 | G20: =G21 -> 1950
A21: Жилищное хозяйство | B21: 0400001010 | C21: 240 | D21: 05 01 | E21: 1950 | F21: 1950 | G21: 1950
A22: Муниципальная программа "Строительство, капитальный ремонт, ремонт и содержание автомобильных дорог общего пользования местного значения в населенных пунктах муниципального образования Виллозское городское поселение Ломоносовского муниципального района Ленинградской области на 2020 - 2022 годы" | B22: 0500000000 | E22: =E23+E31+E37 -> 71500 | F22: =F23+F31+F37 -> 44400 | G22: =G23+G31+G37 -> 51900
A23: Основное мероприятие "Капитальный ремонт и ремонт автомобильных дорог общего пользования местного значения, дворовых территорий многоквартирных домов и проездов к ним" | B23: 0500100000 | E23: =E24+E27 -> 43700 | F23: =F24+F27 -> 36600 | G23: =G24+G27 -> 43900
A24: Капитальный ремонт и ремонт дорог общего пользования местного значения | B24: 0500101020 | E24: =E25 -> 42800 | F24: =F25 -> 35700 | G24: =G25 -> 43000
A25: Иные закупки товаров, работ и услуг для обеспечения государственных (муниципальных) нужд | B25: 0500101020 | C25: 240 | E25: =E26 -> 42800 | F25: =F26 -> 35700 | G25: =G26 -> 43000
A26: Дорожное хозяйство (дорожные фонды) | B26: 0500101020 | C26: 240 | D26: 04 09 | E26: 42800 | F26: 35700 | G26: 43000
A27: Расходы по переданным отдельным государственным полномочиям, на участие в государственных программах | B27: 05001S0000 | E27: =E28 -> 900 | F27: =F28 -> 900 | G27: =G28 -> 900
A28: Капитальный ремонт и ремонт дорог общего пользования местного значения в рамках муниципальной программы "Строительство, капитальный ремонт, ремонт и содержание автомобильных дорог общего пользования местного значения в населенных пунктах муниципального образования Виллозское городское поселение Ломоносовского муниципального района Ленинградской области на 2018 - 2020 годы" | B28: 05001S0140 | E28: =E29 -> 900 | F28: =F29 -> 900 | G28: =G29 -> 900
A29: Иные закупки товаров, работ и услуг для обеспечения государственных (муниципальных) нужд | B29: 05001S0140 | C29: 240 | E29: =E30 -> 900 | F29: =F30 -> 900 | G29: =G30 -> 900
A30: Дорожное хозяйство (дорожные фонды) | B30: 05001S0140 | C30: 240 | D30: 04 09 | E30: 900 | F30: 900 | G30: 900
A31: Основное мероприятие "Содержание автомобильных дорог общего пользования местного значения, дворовых территорий многоквартирных домов и проездов к ним" | B31: 0500200000 | E31: =E32 -> 27000 | F31: =F32 -> 7000 | G31: =G32 -> 7400
A32: Содержание дорог общего пользования местного значения | B32: 0500201030 | E32: =E33+E35 -> 27000 | F32: =F33+F35 -> 7000 | G32: =G33+G35 -> 7400
A33: Иные закупки товаров, работ и услуг для обеспечения государственных (муниципальных) нужд | B33: 0500201030 | C33: 240 | E33: =E34 -> 21500 | F33: =F34 -> 1000 | G33: =G34 -> 900
A34: Дорожное хозяйство (дорожные фонды) | B34: 0500201030 | C34: 240 | D34: 04 09 | E34: 21500 | F34: 1000 | G34: 900
A35: Субсидии юридическим лицам (кроме некоммерческих организаций), индивидуальным предпринимателям, физическим лицам - производителям товаров, работ, услуг | B35: 0500201030 | C35: 810 | E35: =E36 -> 5500 | F35: =F36 -> 6000 | G35: =G36 -> 6500
A36: Дорожное хозяйство (дорожные фонды) | B36: 0500201030 | C36: 810 | D36: 04 09 | E36: 5500 | F36: 6000 | G36: 6500
A37: Основное мероприятие "Техническое оснащение, постановка на кадастровый учет объектов недвижимости в целях государственной регистрации прав" | B37: 0500300000 | E37: =E38 -> 800 | F37: =F38 -> 800 | G37: =G38 -> 600
A38: Техническое оснащение и паспортизация автомобильных дорог общего пользования местного значения | B38: 0500301050 | E38: =E39 -> 800 | F38: =F39 -> 800 | G38: =G39 -> 600
A39: Иные закупки товаров, работ и услуг для обеспечения государственных (муниципальных) нужд | B39: 0500301050 | C39: 240 | E39: =E40 -> 800 | F39: =F40 -> 800 | G39: =G40 -> 600
A40: Дорожное хозяйство (дорожные фонды) | B40: 0500301050 | C40: 240 | D40: 04 09 | E40: 800 | F40: 800 | G40: 600
A41: Муниципальная программа "Социальная поддержка и предоставление услуг отдельным категориям граждан в муниципальном образовании Виллозское городское поселение Ломоносовского муниципального района Ленинградской области на 2020 - 2022 годы" | B41: 0600000000 | E41: =E42+E45+E48+E51+E54 -> 8450 | F41: =F42+F45+F48+F51+F54 -> 8500 | G41: =G42+G45+G48+G51+G54 -> 8550
A42: Социальные выплаты отдельным категориям граждан | B42: 0600001060 | E42: =E43 -> 4900 | F42: =F43 -> 4950 | G42: =G43 -> 5000
A43: Социальные выплаты гражданам, кроме публичных нормативных социальных выплат | B43: 0600001060 | C43: 320 | E43: =E44 -> 4900 | F43: =F44 -> 4950 | G43: =G44 -> 5000
A44: Социальное обеспечение населения | B44: 0600001060 | C44: 320 | D44: 10 03 | E44: 4900 | F44: 4950 | G44: 5000
A45: Мероприятия по пенсионному обеспечению муниципальных служащих | B45: 0600001070 | E45: =E46 -> 1190 | F45: =F46 -> 1190 | G45: =G46 -> 1190
A46: Публичные нормативные социальные выплаты гражданам | B46: 0600001070 | C46: 310 | E46: =E47 -> 1190 | F46: =F47 -> 1190 | G46: =G47 -> 1190
A47: Пенсионное обеспечение | B47: 0600001070 | C47: 310 | D47: 10 01 | E47: 1190 | F47: 1190 | G47: 1190
A48: Меры социальной поддержки по предоставлению транспортных услуг отдельным категориям граждан | B48: 0600001090 | E48: =E49 -> 2100 | F48: =F49 -> 2100 | G48: =G49 -> 2100
A49: Иные закупки товаров, работ и услуг для обеспечения государственных (муниципальных) нужд | B49: 0600001090 | C49: 240 | E49: =E50 -> 2100 | F49: =F50 -> 2100 | G49: =G50 -> 2100
A50: Социальное обеспечение населения | B50: 0600001090 | C50: 240 | D50: 10 03 | E50: 2100 | F50: 2100 | G50: 2100
A51: Осуществление отдельных государственных полномочий по предоставлению денежной компенсации части расходов организациям, осуществляющих поставку твердого топлива отдельным категориям граждан, проживающих в домах, не имеющих центрального отопления и газоснабжения | B51: 0600001100 | E51: =E52 -> 50 | F51: =F52 -> 50 | G51: =G52 -> 50
A52: Субсидии юридическим лицам (кроме некоммерческих организаций), индивидуальным препринимателям, физическим лицам - - производителям товаров, работ, услуг | B52: 0600001100 | C52: 810 | E52: =E53 -> 50 | F52: =F53 -> 50 | G52: =G53 -> 50
A53: Топливно-энергетический комплекс | B53: 0600001100 | C53: 810 | D53: 04 02 | E53: 50 | F53: 50 | G53: 50
A54: Меры социальной поддержки (в виде периодических печатных изданий) отдельным категориям граждан | B54: 0600001110 | E54: =E55 -> 210 | F54: =F55 -> 210 | G54: =G55 -> 210
A55: Иные закупки товаров, работ и услуг для обеспечения государственных (муниципальных) нужд | B55: 0600001110 | C55: 240 | E55: =E56 -> 210 | F55: =F56 -> 210 | G55: =G56 -> 210
A56: Социальное обеспечение населения | B56: 0600001110 | C56: 240 | D56: 10 03 | E56: 210 | F56: 210 | G56: 210
A57: Муниципальная программа «Оформление права собственности и использование имущества муниципального образования Виллозское городское поселение Ломоносовского муниципального района Ленинградской области на 2020 -2022 годы " | B57: 0700000000 | E57: =E58 -> 6470 | F57: =F58 -> 2470 | G57: =G58 -> 6370
A58: Мероприятия по формлению права собственности и использованию имущества | B58: 0700001120 | E58: =E59 -> 6470 | F58: =F59 -> 2470 | G58: =G59 -> 6370
A59: Иные закупки товаров, работ и услуг для обеспечения государственных (муниципальных) нужд | B59: 0700001120 | C59: 240 | E59: =E60 -> 6470 | F59: =F60 -> 2470 | G59: =G60 -> 6370
A60: Другие общегосударственные вопросы | B60: 0700001120 | C60: 240 | D60: 01 13 | E60: 6470 | F60: 2470 | G60: 6370
A61: Муниципальная программа "Энергосбережение и повышение энергетической эффективности на территории муниципального образования Виллозское городское поселение Ломоносовского муниципального района Ленинградской области на 2020 - 2022 годы" | B61: 0800000000 | E61: =E62+E65 -> 52150 | F61: =F62+F65 -> 25300 | G61: =G62+G65 -> 24500
A62: Мероприятия по энергосбережению и повышению энергоэффективности муниципального жилищного фонда | B62: 0800001130 | E62: =E63 -> 44600 | F62: =F63 -> 21750 | G62: =G63 -> 20950
A63: Иные закупки товаров, работ и услуг для обеспечения государственных (муниципальных) нужд | B63: 0800001130 | C63: 240 | E63: =E64 -> 44600 | F63: =F64 -> 21750 | G63: =G64 -> 20950
A64: Жилищное хозяйство | B64: 0800001130 | C64: 240 | D64: 05 01 | E64: 44600 | F64: 21750 | G64: 20950
A65: Мероприятия по энергосбережению и повышению энергоэффективности коммунальной инфраструктуры | B65: 0800001140 | E65: =E66+E68 -> 7550 | F65: =F66+F68 -> 3550 | G65: =G66+G68 -> 3550
A66: Иные закупки товаров, работ и услуг для обеспечения государственных (муниципальных) нужд | B66: 0800001140 | C66: 240 | E66: =E67 -> 2550 | F66: =F67 -> 2050 | G66: =G67 -> 2050
A67: Благоустройство | B67: 0800001140 | C67: 240 | D67: 05 03 | E67: 2550 | F67: 2050 | G67: 2050
A68: Бюджетные инвестиции | B68: 0800001140 | C68: 410 | E68: =E69 -> 5000 | F68: =F69 -> 1500 | G68: =G69 -> 1500
A69: Благоустройство | B69: 0800001140 | C69: 410 | D69: 05 03 | E69: 5000 | F69: 1500 | G69: 1500
A70: Муниципальная программа "Обеспечение устойчивого функционирования и развития объектов коммунальной инфраструктуры муниципального образования Виллозское городское поселение Ломоносовского муниципального района Ленинградской области на 2020 -2022 годы" | B70: 0900000000 | E70: =E71+E75 -> 109900 | F70: =F71+F75 -> 55100 | G70: =G71+G75 -> 55100
A71: Основное мероприятие "Строительство и реконструкция объектов коммунальной инфраструктуры" | B71: 0900100000 | E71: =E72 -> 61800 | F71: =F72 -> 20000 | G71: =G72 -> 10000
A72: Реконструкции объектов коммунальной инфраструктуры | B72: 0900101160 | E72: =E73 -> 61800 | F72: =F73 -> 20000 | G72: =G73 -> 10000
A73: Бюджетные инвестиции | B73: 0900101160 | C73: 410 | E73: =E74 -> 61800 | F73: =F74 -> 20000 | G73: =G74 -> 10000
A74: Коммунальное хозяйство | B74: 0900101160 | C74: 410 | D74: 05 02 | E74: 61800 | F74: 20000 | G74: 10000
A75: Основное мероприятие "Поддержка и развитие объектов коммунального хозяйства" | B75: 0900200000 | E75: =E76 -> 48100 | F75: =F76 -> 35100 | G75: =G76 -> 45100
A76: Мероприятия по ремонту и содержанию объектов коммунальной инфраструктуры | B76: 0900201170 | E76: =E77 -> 48100 | F76: =F77 -> 35100 | G76: =G77 -> 45100
A77: Иные закупки товаров, работ и услуг для обеспечения государственных (муниципальных) нужд | B77: 0900201170 | C77: 240 | E77: =E78 -> 48100 | F77: =F78 -> 35100 | G77: =G78 -> 45100
A78: Коммунальное хозяйство | B78: 0900201170 | C78: 240 | D78: 05 02 | E78: 48100 | F78: 35100 | G78: 45100
A79: Муниципальная программа "Газификация населенных пунктов муниципального образования Виллозское городское поселение Ломоносовского муниципального района Ленинградской области на 2020 - 2022 годы" | B79: 1000000000 | E79: =E80 -> 3575 | F79: =F80 -> 12075 | G79: =G80 -> 2475
A80: Мероприятия по газификации населенных пунктов муниципального образования Виллозское городское поселение | B80: 1000001180 | E80: =E81+E83 -> 3575 | F80: =F81+F83 -> 12075 | G80: =G81+G83 -> 2475
A81: Иные закупки товаров, работ и услуг для обеспечения государственных (муниципальных) нужд | B81: 1000001180 | C81: 240 | E81: =E82 -> 1575 | F81: =F82 -> 2075 | G81: =G82 -> 2475
A82: Коммунальное хозяйство | B82: 1000001180 | C82: 240 | D82: 05 02 | E82: 1575 | F82: 2075 | G82: 2475
A83: Бюджетные инвестиции | B83: 1000001180 | C83: 410 | E83: =E84 -> 2000 | F83: =F84 -> 10000 | G83: =G84 -> 0
A84: Коммунальное хозяйство | B84: 1000001180 | C84: 410 | D84: 05 02 | E84: 2000 | F84: 10000 | G84: 0
A85: Муниципальная программа "Благоустройство и содержание территории муниципального образования Виллозское городское поселение Ломоносовского муниципального района Ленинградской области на 2020 -2022 годы" | B85: 1100000000 | E85: =E86+E95+E99+E103 -> 126085.4 | F85: =F86+F95+F99+F103 -> 101270 | G85: =G86+G95+G99+G103 -> 96160
A86: Подпрограмма "Уличное освещение" муниципальной программы "Благоустройство и содержание территории муниципального образования Виллозское городское поселение Ломоносовского муниципального района Ленинградской области на 2020 -2022 годы" | B86: 1110000000 | E86: =E87+E91 -> 6900 | F86: =F87+F91 -> 5800 | G86: =G87+G91 -> 7200
A87: Основное мероприятие "Ремонт и содержание объектов уличного освещения" | B87: 1110100000 | E87: =E88 -> 4900 | F87: =F88 -> 5200 | G87: =G88 -> 6600
A88: Мероприятия по ремонту и содержанию объектов уличного освещения | B88: 1110101190 | E88: =E89 -> 4900 | F88: =F89 -> 5200 | G88: =G89 -> 6600
A89: Иные закупки товаров, работ и услуг для обеспечения государственных (муниципальных) нужд | B89: 1110101190 | C89: 240 | E89: =E90 -> 4900 | F89: =F90 -> 5200 | G89: =G90 -> 6600
A90: Благоустройство | B90: 1110101190 | C90: 240 | D90: 05 03 | E90: 4900 | F90: 5200 | G90: 6600
A91: Основное мероприятие "Техническое оснащение, постановка на кадастровый учет объектов недвижимости в целях государственной регистрации прав" | B91: 1110200000 | E91: =E92 -> 2000 | F91: =F92 -> 600 | G91: =G92 -> 600
A92: Паспортизация объектов уличного освещения | B92: 1110201200 | E92: =E93 -> 2000 | F92: =F93 -> 600 | G92: =G93 -> 600
A93: Иные закупки товаров, работ и услуг для обеспечения государственных (муниципальных) нужд | B93: 1110201200 | C93: 240 | E93: =E94 -> 2000 | F93: =F94 -> 600 | G93: =G94 -> 600
A94: Благоустройство | B94: 1110201200 | C94: 240 | D94: 05 03 | E94: 2000 | F94: 600 | G94: 600
A95: Подпрограмма "Озеленение" муниципальной программы "Благоустройство и содержание территории муниципального образования Виллозское городское поселение Ломоносовского муниципального района Ленинградской области на 2020 -2022 годы" | B95: 1120000000 | E95: =E96 -> 5713 | F95: =F96 -> 5800 | G95: =G96 -> 5600
A96: Мероприятия по озеленению территории поселения | B96: 1120001210 | E96: =E97 -> 5713 | F96: =F97 -> 5800 | G96: =G97 -> 5600
A97: Иные закупки товаров, работ и услуг для обеспечения государственных (муниципальных) нужд | B97: 1120001210 | C97: 240 | E97: =E98 -> 5713 | F97: =F98 -> 5800 | G97: =G98 -> 5600
A98: Благоустройство | B98: 1120001210 | C98: 240 | D98: 05 03 | E98: 5713 | F98: 5800 | G98: 5600
A99: Подпрограмма "Содержание мест захоронения" муниципальной программы "Благоустройство и содержание территории муниципального образования Виллозское городское поселение Ломоносовского муниципального района Ленинградской области на 2020 -2022 годы" | B99: 1130000000 | E99: =E100 -> 800 | F99: =F100 -> 840 | G99: =G100 -> 880
A100: Предоставление субсидий муниципальным бюджетным и автономным учреждениям | B100: 1130001220 | E100: =E101 -> 800 | F100: =F101 -> 840 | G100: =G101 -> 880
...

Sheet Расходы разд.
G1: Приложение 9
G2: к приложению 1
G3: решения Совета депутатов
G4: Виллозское городское поселение
G5: от "06" ноября 2019 г. № 18
A6: РАСПРЕДЕЛЕНИЕ БЮДЖЕТНЫХ АССИГНОВАНИЙ
A7: по разделам , подразделам, целевым статьям (муниципальным программам муниципального образования Виллозское городское поселение и непрограммным направлениям деятельности), группам и подгруппам видов расходов классификации бюджета на 2020 год и плановый период 2021 и 2022 годов
A8: Наименование показателя | B8: коды | E8: Планируемый объем, тыс. руб.
B9: раздел и подраздел | C9: целевая статья | D9: вид расхода | E9: 2020 год | F9: 2021 год | G9: 2022 год
A10: 2 | B10: 4 | C10: 5 | D10: 6 | E10: 7
A11: Администрация Виллозского городского поселения Ломоносовского района
A12: ОБЩЕГОСУДАРСТВЕННЫЕ ВОПРОСЫ | B12: 01 00 | E12: =E25+E13+E35+E40 -> 59990.5 | F12: =F25+F13+F35+F40 -> 56904.5 | G12: =G25+G13+G35+G40 -> 62879.5
A13: Функционирование законодательных (представительных) органов государственной власти и представительных органов муниципальных образований | B13: 01 03 | E13: =E14 -> 6115 | F13: =F14 -> 6379 | G13: =G14 -> 6549
A14: Непрограммные расходы | B14: 01 03 | C14: 9000000000 | E14: =E15 -> 6115 | F14: =F15 -> 6379 | G14: =G15 -> 6549
A15: Реализация функций и полномочий органов местного самоуправления в рамках непрограммной части | B15: 01 03 | C15: 9900000000 | E15: =E16+E20+E23 -> 6115 | F15: =F16+F20+F23 -> 6379 | G15: =G16+G20+G23 -> 6549
A16: Обеспечение деятельности аппаратов органов местного самоуправления | B16: 01 03 | C16: 9900000210 | E16: =E17+E18+E19 -> 4335 | F16: =F17+F18+F19 -> 4509 | G16: =G17+G18+G19 -> 4589
A17: Расходы на выплаты персоналу государственных (муниципальных) органов | B17: 01 03 | C17: 9900000210 | D17: 120 | E17: 2870 | F17: 2950 | G17: 3030
A18: Иные закупки товаров, работ и услуг для обеспечения государственных (муниципальных) нужд | B18: 01 03 | C18: 9900000210 | D18: 240 | E18: 1455 | F18: 1549 | G18: 1549
A19: Уплата налогов,сборов и иных платежей | B19: 01 03 | C19: 9900000210 | D19: 850 | E19: 10 | F19: 10 | G19: 10
A20: Иные межбюджетные трансферты по передаче полномочий по осуществлению внешнего муниципального контроля | B20: 01 03 | C20: 9900005000 | E20: =E21 -> 60 | F20: =F21 -> 60 | G20: =G21 -> 60
A21: Иные межбюджетные трансферты по передаче полномочий по осуществлению внешнего муниципального контроля | B21: 01 03 | C21: 9900005030 | E21: =E22 -> 60 | F21: =F22 -> 60 | G21: =G22 -> 60
A22: Иные межбюджетные трансферты | B22: 01 03 | C22: 9900005030 | D22: 540 | E22: 60 | F22: 60 | G22: 60
A23: Расходы на обеспечение деятельности депутатов представительного органа муниципального образования | B23: 01 03 | C23: 9900000220 | E23: =E24 -> 1720 | F23: =F24 -> 1810 | G23: =G24 -> 1900
A24: Расходы на выплаты персоналу государственных (муниципальных) органов | B24: 01 03 | C24: 9900000220 | D24: 120 | E24: 1720 | F24: 1810 | G24: 1900
A25: Функционирование Правительства Российской Федерации, высших исполнительных органов государственной власти субъектов Российской Федерации, местных администраций | B25: 01 04 | E25: =E26 -> 42470 | F25: =F26 -> 44020 | G25: =G26 -> 45825
A26: Непрограммные расходы | B26: 01 04 | C26: 9000000000 | E26: =E27 -> 42470 | F26: =F27 -> 44020 | G26: =G27 -> 45825
A27: Реализация функций и полномочий органов местного самоуправления в рамках непрограммных расходов | B27: 01 04 | C27: 9900000000 | E27: =E28+E30 -> 42470 | F27: =F28+F30 -> 44020 | G27: =G28+G30 -> 45825
A28: Обеспечение деятельности главы муниципального образования, главы администрации | B28: 01 04 | C28: 9900000200 | E28: =E29 -> 1990 | F28: =F29 -> 2090 | G28: =G29 -> 2195
A29: Расходы на выплаты персоналу государственных (муниципальных) органов | B29: 01 04 | C29: 9900000200 | D29: 120 | E29: 1990 | F29: 2090 | G29: 2195
A30: Обеспечение деятельности аппаратов органов местного самоуправления | B30: 01 04 | C30: 9900000210 | E30: =E31+E32+E33+E34 -> 40480 | F30: =F31+F32+F33+F34 -> 41930 | G30: =G31+G32+G33+G34 -> 43630
A31: Расходы на выплаты персоналу государственных (муниципальных) органов | B31: 01 04 | C31: 9900000210 | D31: 120 | E31: 31210 | F31: 32700 | G31: 34400
A32: Иные закупки товаров, работ и услуг для обеспечения государственных (муниципальных) нужд | B32: 01 04 | C32: 9900000210 | D32: 240 | E32: 9050 | F32: 9010 | G32: 9010
A33: Исполнение судебных актов | B33: 01 04 | C33: 9900000210 | D33: 830 | E33: 20 | F33: 20 | G33: 20
A34: Уплата налогов,сборов и иных платежей | B34: 01 04 | C34: 9900000210 | D34: 850 | E34: 200 | F34: 200 | G34: 200
A35: Резервные фонды | B35: 01 11 | E35: =E36 -> 1000 | F35: =F36 -> 1000 | G35: =G36 -> 1000
A36: Непрограммные расходы | B36: 01 11 | C36: 9000000000 | E36: =E37 -> 1000 | F36: =F37 -> 1000 | G36: =G37 -> 1000
A37: Реализация функций и полномочий органов местного самоуправления в рамках непрограммных расходов | B37: 01 11 | C37: 9900000000 | E37: =E38 -> 1000 | F37: =F38 -> 1000 | G37: =G38 -> 1000
A38: Реализация мероприятий за счет средств резервного фонда | B38: 01 11 | C38: 9900080060 | E38: =E39 -> 1000 | F38: =F39 -> 1000 | G38: =G39 -> 1000
A39: Резервные средства | B39: 01 11 | C39: 9900080060 | D39: 870 | E39: 1000 | F39: 1000 | G39: 1000
A40: Другие общегосударственные вопросы | B40: 01 13 | E40: =E41+E44+E47 -> 10405.5 | F40: =F41+F44+F47 -> 5505.5 | G40: =G41+G44+G47 -> 9505.5
A41: Муниципальная программа «Оформление права собственности и использование имущества муниципального образования Виллозское городское поселение Ломоносовского муниципального района Ленинградской области на 2020 -2022 годы " | B41: 01 13 | C41: 0700000000 | E41: =E42 -> 6470 | F41: =F42 -> 2470 | G41: =G42 -> 6370
A42: Мероприятия по формлению права собственности и использованию имущества | B42: 01 13 | C42: 0700001120 | E42: =E43 -> 6470 | F42: =F43 -> 2470 | G42: =G43 -> 6370
A43: Иные закупки товаров, работ и услуг для обеспечения государственных (муниципальных) нужд | B43: 01 13 | C43: 0700001120 | D43: 240 | E43: 6470 | F43: 2470 | G43: 6370
A44: Муниципальная программа "Обеспечение безопасности на территории муниципального образования Виллозское городское поселение Ломоносовского муниципального района Ленинградской области на 2020 - 2022 годы" | B44: 01 13 | C44: 1400000000 | E44: =E45 -> 3500 | F44: =F45 -> 2600 | G44: =G45 -> 2700
A45: Мероприятия по обеспечению правопорядка | B45: 01 13 | C45: 1400001350 | E45: =E46 -> 3500 | F45: =F46 -> 2600 | G45: =G46 -> 2700
A46: Иные закупки товаров, работ и услуг для обеспечения государственных (муниципальных) нужд | B46: 01 13 | C46: 1400001350 | D46: 240 | E46: 3500 | F46: 2600 | G46: 2700
A47: Непрограммные расходы | B47: 01 13 | C47: 9000000000 | E47: =E48 -> 435.5 | F47: =F48 -> 435.5 | G47: =G48 -> 435.5
A48: Реализация функций и полномочий органов местного самоуправления в рамках непрограммных расходов | B48: 01 13 | C48: 9900000000 | E48: =E49+E51 -> 435.5 | F48: =F49+F51 -> 435.5 | G48: =G49+G51 -> 435.5
A49: Прочие расходы в рамках полномочий органов местного самоуправления | B49: 01 13 | C49: 9900000280 | E49: =E50 -> 432 | F49: =F50 -> 432 | G49: =G50 -> 432
A50: Иные закупки товаров, работ и услуг для обеспечения государственных (муниципальных) нужд | B50: 01 13 | C50: 9900000280 | D50: 240 | E50: 432 | F50: 432 | G50: 432
A51: Осуществление отдельных государственных полномочий Ленинградской области | B51: 01 13 | C51: 9900070000 | E51: =E52 -> 3.5 | F51: =F52 -> 3.5 | G51: =G52 -> 3.5
A52: Обеспечение выполнения органами местного самоуправления отдельных государственных полномочий Ленинградской области в сфере административных правоотношений | B52: 01 13 | C52: 9900071340 | E52: =E53 -> 3.5 | F52: =F53 -> 3.5 | G52: =G53 -> 3.5
A53: Иные закупки товаров, работ и услуг для обеспечения государственных (муниципальных) нужд | B53: 01 13 | C53: 9900071340 | D53: 240 | E53: 3.5 | F53: 3.5 | G53: 3.5
A54: НАЦИОНАЛЬНАЯ ОБОРОНА | B54: 02 00 | E54: =E55 -> 281.4 | F54: =F55 -> 291.5 | G54: =G55 -> 0
A55: Мобилизационная и вневойсковая подготовка | B55: 02 03 | E55: =E56 -> 281.4 | F55: =F56 -> 291.5 | G55: =G56 -> 0
A56: Непрограммные расходы | B56: 02 03 | C56: 9000000000 | E56: =E59 -> 281.4 | F56: =F59 -> 291.5 | G56: =G59 -> 0
A57: Реализация функций и полномочий органов местного самоуправления в рамках непрограммных расходов | B57: 02 03 | C57: 9900000000 | E57: =E58 -> 281.4 | F57: =F58 -> 291.5 | G57: =G58 -> 0
A58: Осуществление отдельных государственных полномочий | B58: 02 03 | C58: 9900050000 | E58: =E59 -> 281.4 | F58: =F59 -> 291.5 | G58: =G59 -> 0
A59: Осуществление первичного воинского учета на территории, где отсутствуют военные комиссариаты | B59: 02 03 | C59: 9900051180 | E59: =E60 -> 281.4 | F59: =F60 -> 291.5 | G59: =G60 -> 0
A60: Расходы на выплаты персоналу государственных (муниципальных) органов | B60: 02 03 | C60: 9900051180 | D60: 120 | E60: 281.4 | F60: 291.5 | G60: 0
A61: НАЦИОНАЛЬНАЯ БЕЗОПАСНОСТЬ И ПРАВООХРАНИТЕЛЬНАЯ ДЕЯТЕЛЬНОСТЬ | B61: 03 00 | E61: =E62+E66 -> 1760 | F61: =F62+F66 -> 1260 | G61: =G62+G66 -> 1260
A62: Защита населения и территории от чрезвычайных ситуаций природного и техногенного характера, гражданская оборона | B62: 03 09 | E62: =E63 -> 610 | F62: =F63 -> 110 | G62: =G63 -> 110
A63: Муниципальная программа "Обеспечение безопасности на территории муниципального образования Виллозское городское поселение Ломоносовского муниципального района Ленинградской области на 2020 - 2022 годы" | B63: 03 09 | C63: 1400000000 | E63: =E64 -> 610 | F63: =F64 -> 110 | G63: =G64 -> 110
A64: Мероприятия по предупреждению ЧС | B64: 03 09 | C64: 1400001330 | E64: =E65 -> 610 | F64: =F65 -> 110 | G64: =G65 -> 110
A65: Иные закупки товаров, работ и услуг для обеспечения государственных (муниципальных) нужд | B65: 03 09 | C65: 1400001330 | D65: 240 | E65: 610 | F65: 110 | G65: 110
A66: Обеспечение пожарной безопасности | B66: 03 10 | E66: =E67 -> 1150 | F66: =F67 -> 1150 | G66: =G67 -> 1150
A67: Муниципальная программа "Обеспечение безопасности на территории муниципального образования Виллозское городское поселение Ломоносовского муниципального района Ленинградской области на 2020 - 2022 годы" | B67: 03 10 | C67: 1400000000 | E67: =E68 -> 1150 | F67: =F68 -> 1150 | G67: =G68 -> 1150
A68: Мероприятия по пожарной безопасности | B68: 03 10 | C68: 1400001340 | E68: =E69 -> 1150 | F68: =F69 -> 1150 | G68: =G69 -> 1150
A69: Иные закупки товаров, работ и услуг для обеспечения государственных (муниципальных) нужд | B69: 03 10 | C69: 1400001340 | D69: 240 | E69: 1150 | F69: 1150 | G69: 1150
A70: НАЦИОНАЛЬНАЯ ЭКОНОМИКА | B70: 04 00 | E70: =E71+E75+E97 -> 87719.5 | F70: =F71+F75+F97 -> 50550 | G70: =G71+G75+G97 -> 58750
A71: Топливно-энергетический комплекс | B71: 04 02 | E71: =E72 -> 50 | F71: =F72 -> 50 | G71: =G72 -> 50
A72: Муниципальная программа "Социальная поддержка и предоставление услуг отдельным категориям граждан в муниципальном образовании Виллозское городское поселение Ломоносовского муниципального района Ленинградской области на 2020 - 2022 годы" | B72: 04 02 | C72: 0600000000 | E72: =E73 -> 50 | F72: =F73 -> 50 | G72: =G73 -> 50
A73: Осуществление отдельных государственных полномочий по предоставлению денежной компенсации части расходов организациям, осуществляющих поставку твердого топлива отдельным категориям граждан, проживающих в домах, не имеющих центрального отопления и газоснаб | B73: 04 02 | C73: 0600001100 | E73: =E74 -> 50 | F73: =F74 -> 50 | G73: =G74 -> 50
A74: Субсидии юридическим лицам (кроме некоммерческих организаций), индивидуальным препринимателям, физическим лицам - производителям товаров, работ, услуг | B74: 04 02 | C74: 0600001100 | D74: 810 | E74: 50 | F74: 50 | G74: 50
A75: Дорожное хозяйство (Дорожные фонды) | B75: 04 09 | E75: =E76+E80+E94 -> 74869.5 | F75: =F80+F94 -> 45900 | G75: =G80+G94 -> 53200
A76: Муниципальная программа «Развитие части территорий муниципального образования Виллозское городское поселение Ломоносовского муниципального района Ленинградской области на 2020 год» | B76: 04 09 | E76: =E77 -> 1369.5 | F76: =F77 -> 0 | G76: =G77 -> 0
A77: Расходы по переданным отдельным государственным полномочиям, на участие в государственных программах | B77: 04 09 | C77: 03000S0000 | E77: =E78 -> 1369.5 | F77: =F78 -> 0 | G77: =G78 -> 0
A78: Мероприятия по развитию части территорий поселения | B78: 04 09 | C78: 03000S4770 | E78: =E79 -> 1369.5 | F78: =F79 -> 0 | G78: =G79 -> 0
A79: Иные закупки товаров, работ и услуг для обеспечения государственных (муниципальных) нужд | B79: 04 09 | C79: 03000S4770 | D79: 240 | E79: 1369.5 | F79: 0 | G79: 0
A80: Муниципальная программа "Строительство, капитальный ремонт, ремонт и содержание автомобильных дорог общего пользования местного значения в населенных пунктах муниципального образования Виллозское городское поселение Ломоносовского муниципального района Ленинградской области на 2020 - 2022 годы" | B80: 04 09 | C80: 0500000000 | E80: =E81+E87+E91 -> 71500 | F80: =F81+F87+F91 -> 44400 | G80: =G81+G87+G91 -> 51900
A81: Основное мероприятие "Капитальный ремонт и ремонт автомобильных дорог общего пользования местного значения, дворовых территорий многоквартирных домов и проездов к ним" | B81: 04 09 | C81: 0500100000 | E81: =E82+E84 -> 43700 | F81: =F82+F84 -> 36600 | G81: =G82+G84 -> 43900
A82: Капитальный ремонт и ремонт дорог общего пользования местного значения | B82: 04 09 | C82: 0500101020 | E82: =E83 -> 42800 | F82: =F83 -> 35700 | G82: =G83 -> 43000
A83: Иные закупки товаров, работ и услуг для обеспечения государственных (муниципальных) нужд | B83: 04 09 | C83: 0500101020 | D83: 240 | E83: 42800 | F83: 35700 | G83: 43000
A84: Расходы по переданным отдельным государственным полномочиям, на участие в государственных программах | B84: 04 09 | C84: 05001S0000 | E84: =E85 -> 900 | F84: =F85 -> 900 | G84: =G85 -> 900
A85: Капитальный ремонт и ремонт дорог общего пользования местного значения в рамках муниципальной программы "Строительство, капитальный ремонт, ремонт и содержание автомобильных дорог общего пользования местного значения в населенных пунктах муниципального | B85: 04 09 | C85: 05001S0140 | E85: =E86 -> 900 | F85: =F86 -> 900 | G85: =G86 -> 900
A86: Иные закупки товаров, работ и услуг для обеспечения государственных (муниципальных) нужд | B86: 04 09 | C86: 05001S0140 | D86: 240 | E86: 900 | F86: 900 | G86: 900
A87: Основное мероприятие "Содержание автомобильных дорог общего пользования местного значения, дворовых территорий многоквартирных домов и проездов к ним" | B87: 04 09 | C87: 0500200000 | E87: =E88 -> 27000 | F87: =F88 -> 7000 | G87: =G88 -> 7400
A88: Содержание дорог общего пользования местного значения | B88: 04 09 | C88: 0500201030 | E88: =E89+E90 -> 27000 | F88: =F89+F90 -> 7000 | G88: =G89+G90 -> 7400
A89: Иные закупки товаров, работ и услуг для обеспечения государственных (муниципальных) нужд | B89: 04 09 | C89: 0500201030 | D89: 240 | E89: 21500 | F89: 1000 | G89: 900
A90: Субсидии юридическим лицам (кроме некоммерческих организаций), индивидуальным предпринимателям, физическим лицам - производителям товаров, работ, услуг | B90: 04 09 | C90: 0500201030 | D90: 810 | E90: 5500 | F90: 6000 | G90: 6500
A91: Основное мероприятие "Техническое оснащение, постановка на кадастровый учет объектов недвижимости в целях государственной регистрации прав" | B91: 04 09 | C91: 0500300000 | E91: =E92 -> 800 | F91: =F92 -> 800 | G91: =G92 -> 600
A92: Техническое оснащение и паспортизация автомобильных дорог общего пользования местного значения | B92: 04 09 | C92: 0500301050 | E92: =E93 -> 800 | F92: =F93 -> 800 | G92: =G93 -> 600
A93: Иные закупки товаров, работ и услуг для обеспечения государственных (муниципальных) нужд | B93: 04 09 | C93: 0500301050 | D93: 240 | E93: 800 | F93: 800 | G93: 600
A94: Муниципальная программа "Обеспечение безопасности на территории муниципального образования Виллозское городское поселение Ломоносовского муниципального района Ленинградской области на 2020 - 2022 годы" | B94: 04 09 | C94: 1400000000 | E94: =E95 -> 2000 | F94: =F95 -> 1500 | G94: =G95 -> 1300
A95: Мероприятия по обеспечению безопасности дорожного движения | B95: 04 09 | C95: 1400001360 | E95: =E96 -> 2000 | F95: =F96 -> 1500 | G95: =G96 -> 1300
A96: Иные закупки товаров, работ и услуг для обеспечения государственных (муниципальных) нужд | B96: 04 09 | C96: 1400001360 | D96: 240 | E96: 2000 | F96: 1500 | G96: 1300
A97: Другие вопросы в области национальной экономики | B97: 04 12 | E97: =E98 -> 12800 | F97: =F98 -> 4600 | G97: =G98 -> 5500
A98: Муниципальная программа "Регулирование градостроительной деятельности муниципального образования Виллозское городское поселение Ломоносовского муниципального района Ленинградской области на 2020 - 2022 годы" | B98: 04 12 | C98: 1500000000 | E98: =E99+E101 -> 12800 | F98: =F99+F101 -> 4600 | G98: =G99+G101 -> 5500
A99: Мероприятия по регулированию градостроительной деятельности в области территориального планирования и планировки территории | B99: 04 12 | C99: 1500001370 | E99: =E100 -> 4700 | F99: =F100 -> 2600 | G99: =G100 -> 2600
A100: Иные закупки товаров, работ и услуг для обеспечения государственных (муниципальных) нужд | B100: 04 12 | C100: 1500001370 | D100: 240 | E100: 4700 | F100: 2600 | G100: 2600
...

Sheet Расходы ведомств. 16
H1: Приложение 10
H2: к приложению 1
H3: решения Совета депутатов
H4: Виллозское городское поселение
H5: от "06" ноября 2019 г. № 18
A6: ВЕДОМСТВЕННАЯ СТРУКТУРА
A7: расходов местного бюджета муниципального образования Виллозское городское поселение Ломоносовского муниципального района Ленинградской области на 2020 год и плановый период 2021 и 2022 годов
A8: Наименование показателя | B8: коды | F8: Планируемый объем, тыс. руб. | G8: Планируемый объем, тыс. руб. | H8: Планируемый объем, тыс. руб.
B9: ГРБС | C9: раздел и подраздел | D9: целевая статья | E9: вид расхода | F9: 2020 год | G9: 2021 год | H9: 2022 год
A10: 2 | B10: 3 | C10: 4 | D10: 5 | E10: 6 | F10: 7 | G10: 7 | H10: 7
A11: Администрация Виллозского городского поселения Ломоносовского района | B11: 905 | F11: =F12+F42+F49+F58+F91+F154+F162+F187+F200+F215 -> 648482.9 | G11: =G12+G42+G49+G58+G91+G154+G162+G187+G200+G215 -> 420075 | H11: =H12+H42+H49+H58+H91+H154+H162+H187+H200+H215 -> 389892.5
A12: ОБЩЕГОСУДАРСТВЕННЫЕ ВОПРОСЫ | B12: 905 | C12: 01 00 | F12: =F13+F23+F28 -> 53875.5 | G12: =G13+G23+G28 -> 50525.5 | H12: =H13+H23+H28 -> 56330.5
A13: Функционирование Правительства Российской Федерации, высших исполнительных органов государственной власти субъектов Российской Федерации, местных администраций | B13: 905 | C13: 01 04 | F13: =F14 -> 42470 | G13: =G14 -> 44020 | H13: =H14 -> 45825
A14: Непрограммные расходы | B14: 905 | C14: 01 04 | D14: 9000000000 | F14: =F15 -> 42470 | G14: =G15 -> 44020 | H14: =H15 -> 45825
A15: Реализация функций и полномочий органов местного самоуправления в рамках непрограммных расходов | B15: 905 | C15: 01 04 | D15: 9900000000 | F15: =F16+F18 -> 42470 | G15: =G16+G18 -> 44020 | H15: =H16+H18 -> 45825
A16: Обеспечение деятельности главы муниципального образования, главы администрации | B16: 905 | C16: 01 04 | D16: 9900000200 | F16: =F17 -> 1990 | G16: =G17 -> 2090 | H16: =H17 -> 2195
A17: Расходы на выплаты персоналу государственных (муниципальных) органов | B17: 905 | C17: 01 04 | D17: 9900000200 | E17: 120 | F17: 1990 | G17: 2090 | H17: 2195
A18: Обеспечение деятельности аппаратов органов местного самоуправления | B18: 905 | C18: 01 04 | D18: 9900000210 | F18: =F19+F20+F21+F22 -> 40480 | G18: =G19+G20+G21+G22 -> 41930 | H18: =H19+H20+H21+H22 -> 43630
A19: Расходы на выплаты персоналу государственных (муниципальных) органов | B19: 905 | C19: 01 04 | D19: 9900000210 | E19: 120 | F19: 31210 | G19: 32700 | H19: 34400
A20: Иные закупки товаров, работ и услуг для обеспечения государственных (муниципальных) нужд | B20: 905 | C20: 01 04 | D20: 9900000210 | E20: 240 | F20: 9050 | G20: 9010 | H20: 9010
A21: Исполнение судебных актов | B21: 905 | C21: 01 04 | D21: 9900000210 | E21: 830 | F21: 20 | G21: 20 | H21: 20
A22: Уплата налогов,сборов и иных платежей | B22: 905 | C22: 01 04 | D22: 9900000210 | E22: 850 | F22: 200 | G22: 200 | H22: 200
A23: Резервные фонды | B23: 905 | C23: 01 11 | F23: =F24 -> 1000 | G23: =G24 -> 1000 | H23: =H24 -> 1000
A24: Непрограммные расходы | B24: 905 | C24: 01 11 | D24: 9000000000 | F24: =F25 -> 1000 | G24: =G25 -> 1000 | H24: =H25 -> 1000
A25: Реализация функций и полномочий органов местного самоуправления в рамках непрограммных расходов | B25: 905 | C25: 01 11 | D25: 9900000000 | F25: =F26 -> 1000 | G25: =G26 -> 1000 | H25: =H26 -> 1000
A26: Реализация мероприятий за счет средств резервного фонда | B26: 905 | C26: 01 11 | D26: 9900080060 | F26: =F27 -> 1000 | G26: =G27 -> 1000 | H26: =H27 -> 1000
A27: Резервные средства | B27: 905 | C27: 01 11 | D27: 9900080060 | E27: 870 | F27: 1000 | G27: 1000 | H27: 1000
A28: Другие общегосударственные вопросы | B28: 905 | C28: 01 13 | F28: =F29+F32+F35 -> 10405.5 | G28: =G29+G32+G35 -> 5505.5 | H28: =H29+H32+H35 -> 9505.5
A29: Муниципальная программа «Оформление права собственности и использование имущества муниципального образования Виллозское городское поселение Ломоносовского муниципального района Ленинградской области на 2020 -2022 годы " | B29: 905 | C29: 01 13 | D29: 0700000000 | F29: =F30 -> 6470 | G29: =G30 -> 2470 | H29: =H30 -> 6370
A30: Мероприятия по формлению права собственности и использованию имущества | B30: 905 | C30: 01 13 | D30: 0700001120 | F30: =F31 -> 6470 | G30: =G31 -> 2470 | H30: =H31 -> 6370
A31: Иные закупки товаров, работ и услуг для обеспечения государственных (муниципальных) нужд | B31: 905 | C31: 01 13 | D31: 0700001120 | E31: 240 | F31: 6470 | G31: 2470 | H31: 6370
A32: Муниципальная программа "Обеспечение безопасности на территории муниципального образования Виллозское городское поселение Ломоносовского муниципального района Ленинградской области на 2020 - 2022 годы" | B32: 905 | C32: 01 13 | D32: 1400000000 | F32: =F33 -> 3500 | G32: =G33 -> 2600 | H32: =H33 -> 2700
A33: Мероприятия по обеспечению правопорядка | B33: 905 | C33: 01 13 | D33: 1400001350 | F33: =F34 -> 3500 | G33: =G34 -> 2600 | H33: =H34 -> 2700
A34: Иные закупки товаров, работ и услуг для обеспечения государственных (муниципальных) нужд | B34: 905 | C34: 01 13 | D34: 1400001350 | E34: 240 | F34: 3500 | G34: 2600 | H34: 2700
A35: Непрограммные расходы | B35: 905 | C35: 01 13 | D35: 9000000000 | F35: =F36 -> 435.5 | G35: =G36 -> 435.5 | H35: =H36 -> 435.5
A36: Реализация функций и полномочий органов местного самоуправления в рамках непрограммных расходов | B36: 905 | C36: 01 13 | D36: 9900000000 | F36: =F37+F39 -> 435.5 | G36: =G37+G39 -> 435.5 | H36: =H37+H39 -> 435.5
A37: Прочие расходы в рамках полномочий органов местного самоуправления | B37: 905 | C37: 01 13 | D37: 9900000280 | F37: =F38 -> 432 | G37: =G38 -> 432 | H37: =H38 -> 432
A38: Иные закупки товаров, работ и услуг для обеспечения государственных (муниципальных) нужд | B38: 905 | C38: 01 13 | D38: 9900000280 | E38: 240 | F38: 432 | G38: 432 | H38: 432
A39: Осуществление отдельных государственных полномочий Ленинградской области | B39: 905 | C39: 01 13 | D39: 9900070000 | F39: =F40 -> 3.5 | G39: =G40 -> 3.5 | H39: =H40 -> 3.5
A40: Обеспечение выполнения органами местного самоуправления отдельных государственных полномочий Ленинградской области в сфере административных правоотношений | B40: 905 | C40: 01 13 | D40: 9900071340 | F40: =F41 -> 3.5 | G40: =G41 -> 3.5 | H40: =H41 -> 3.5
A41: Иные закупки товаров, работ и услуг для обеспечения государственных (муниципальных) нужд | B41: 905 | C41: 01 13 | D41: 9900071340 | E41: 240 | F41: 3.5 | G41: 3.5 | H41: 3.5
A42: НАЦИОНАЛЬНАЯ ОБОРОНА | B42: 905 | C42: 02 00 | F42: =F43 -> 281.4 | G42: =G43 -> 291.5 | H42: =H43 -> 0
A43: Мобилизационная и вневойсковая подготовка | B43: 905 | C43: 02 03 | F43: =F44 -> 281.4 | G43: =G44 -> 291.5 | H43: =H44 -> 0
A44: Непрограммные расходы | B44: 905 | C44: 02 03 | D44: 9000000000 | F44: =F47 -> 281.4 | G44: =G47 -> 291.5 | H44: =H47 -> 0
A45: Реализация функций и полномочий органов местного самоуправления в рамках непрограммных расходов | B45: 905 | C45: 02 03 | D45: 9900000000 | F45: =F46 -> 281.4 | G45: =G46 -> 291.5 | H45: =H46 -> 0
A46: Осуществление отдельных государственных полномочий | B46: 905 | C46: 02 03 | D46: 9900050000 | F46: =F47 -> 281.4 | G46: =G47 -> 291.5 | H46: =H47 -> 0
A47: Осуществление первичного воинского учета на территории, где отсутствуют военные комиссариаты | B47: 905 | C47: 02 03 | D47: 9900051180 | F47: =F48 -> 281.4 | G47: =G48 -> 291.5 | H47: =H48 -> 0
A48: Расходы на выплаты персоналу государственных (муниципальных) органов | B48: 905 | C48: 02 03 | D48: 9900051180 | E48: 120 | F48: 281.4 | G48: 291.5 | H48: 0
A49: НАЦИОНАЛЬНАЯ БЕЗОПАСНОСТЬ И ПРАВООХРАНИТЕЛЬНАЯ ДЕЯТЕЛЬНОСТЬ | B49: 905 | C49: 03 00 | F49: =F50+F54 -> 1760 | G49: =G50+G54 -> 1260 | H49: =H50+H54 -> 1260
A50: Защита населения и территории от чрезвычайных ситуаций природного и техногенного характера, гражданская оборона | B50: 905 | C50: 03 09 | F50: =F51 -> 610 | G50: =G51 -> 110 | H50: =H51 -> 110
A51: Муниципальная программа "Обеспечение безопасности на территории муниципального образования Виллозское городское поселение Ломоносовского муниципального района Ленинградской области на 2020 - 2022 годы" | B51: 905 | C51: 03 09 | D51: 1400000000 | F51: =F52 -> 610 | G51: =G52 -> 110 | H51: =H52 -> 110
A52: Мероприятия по предупреждению ЧС | B52: 905 | C52: 03 09 | D52: 1400001330 | F52: =F53 -> 610 | G52: =G53 -> 110 | H52: =H53 -> 110
A53: Иные закупки товаров, работ и услуг для обеспечения государственных (муниципальных) нужд | B53: 905 | C53: 03 09 | D53: 1400001330 | E53: 240 | F53: 610 | G53: 110 | H53: 110
A54: Обеспечение пожарной безопасности | B54: 905 | C54: 03 10 | F54: =F55 -> 1150 | G54: =G55 -> 1150 | H54: =H55 -> 1150
A55: Муниципальная программа "Обеспечение безопасности на территории муниципального образования Виллозское городское поселение Ломоносовского муниципального района Ленинградской области на 2020 - 2022 годы" | B55: 905 | C55: 03 10 | D55: 1400000000 | F55: =F56 -> 1150 | G55: =G56 -> 1150 | H55: =H56 -> 1150
A56: Мероприятия по пожарной безопасности | B56: 905 | C56: 03 10 | D56: 1400001340 | F56: =F57 -> 1150 | G56: =G57 -> 1150 | H56: =H57 -> 1150
A57: Иные закупки товаров, работ и услуг для обеспечения государственных (муниципальных) нужд | B57: 905 | C57: 03 10 | D57: 1400001340 | E57: 240 | F57: 1150 | G57: 1150 | H57: 1150
A58: НАЦИОНАЛЬНАЯ ЭКОНОМИКА | B58: 905 | C58: 04 00 | F58: =F59+F63+F85 -> 87719.5 | G58: =G59+G63+G85 -> 50550 | H58: =H59+H63+H85 -> 58750
A59: Топливно-энергетический комплекс | B59: 905 | C59: 04 02 | F59: =F60 -> 50 | G59: =G60 -> 50 | H59: =H60 -> 50
A60: Муниципальная программа "Социальная поддержка и предоставление услуг отдельным категориям граждан в муниципальном образовании Виллозское городское поселение Ломоносовского муниципального района Ленинградской области на 2020 - 2022 годы" | B60: 905 | C60: 04 02 | D60: 0600000000 | F60: =F61 -> 50 | G60: =G61 -> 50 | H60: =H61 -> 50
A61: Осуществление отдельных государственных полномочий по предоставлению денежной компенсации части расходов организациям, осуществляющих поставку твердого топлива отдельным категориям граждан, проживающих в домах, не имеющих центрального отопления и газоснабжения | B61: 905 | C61: 04 02 | D61: 0600001100 | F61: =F62 -> 50 | G61: =G62 -> 50 | H61: =H62 -> 50
A62: Субсидии юридическим лицам (кроме некоммерческих организаций), индивидуальным препринимателям, физическим лицам - производителям товаров, работ, услуг | B62: 905 | C62: 04 02 | D62: 0600001100 | E62: 810 | F62: 50 | G62: 50 | H62: 50
A63: Дорожное хозяйство (Дорожные фонды) | B63: 905 | C63: 04 09 | F63: =F64+F68+F82 -> 74869.5 | G63: =G64+G68+G82 -> 45900 | H63: =H64+H68+H82 -> 53200
A64: Муниципальная программа «Развитие части территорий муниципального образования Виллозское городское поселение Ломоносовского муниципального района Ленинградской области на 2020 год» | B64: 905 | C64: 04 09 | F64: =F65 -> 1369.5 | G64: =G65 -> 0 | H64: =H65 -> 0
A65: Расходы по переданным отдельным государственным полномочиям, на участие в государственных программах | B65: 905 | C65: 04 09 | D65: 03000S0000 | F65: =F66 -> 1369.5 | G65: =G66 -> 0 | H65: =H66 -> 0
A66: Мероприятия по развитию части территорий поселения | B66: 905 | C66: 04 09 | D66: 03000S4770 | F66: =F67 -> 1369.5 | G66: =G67 -> 0 | H66: =H67 -> 0
A67: Иные закупки товаров, работ и услуг для обеспечения государственных (муниципальных) нужд | B67: 905 | C67: 04 09 | D67: 03000S4770 | E67: 240 | F67: 1369.5 | G67: 0 | H67: 0
A68: Муниципальная программа "Строительство, капитальный ремонт, ремонт и содержание автомобильных дорог общего пользования местного значения в населенных пунктах муниципального образования Виллозское городское поселение Ломоносовского муниципального района Ленинградской области на 2020 - 2022 годы" | B68: 905 | C68: 04 09 | D68: 0500000000 | F68: =F69+F75+F79 -> 71500 | G68: =G69+G75+G79 -> 44400 | H68: =H69+H75+H79 -> 51900
A69: Основное мероприятие "Капитальный ремонт и ремонт автомобильных дорог общего пользования местного значения, дворовых территорий многоквартирных домов и проездов к ним" | B69: 905 | C69: 04 09 | D69: 0500100000 | F69: =F70+F72 -> 43700 | G69: =G70+G72 -> 36600 | H69: =H70+H72 -> 43900
A70: Капитальный ремонт и ремонт дорог общего пользования местного значения | B70: 905 | C70: 04 09 | D70: 0500101020 | F70: =F71 -> 42800 | G70: =G71 -> 35700 | H70: =H71 -> 43000
A71: Иные закупки товаров, работ и услуг для обеспечения государственных (муниципальных) нужд | B71: 905 | C71: 04 09 | D71: 0500101020 | E71: 240 | F71: 42800 | G71: 35700 | H71: 43000
A72: Расходы по переданным отдельным государственным полномочиям, на участие в государственных программах | B72: 905 | C72: 04 09 | D72: 05001S0000 | F72: =F73 -> 900 | G72: =G73 -> 900 | H72: =H73 -> 900
A73: Капитальный ремонт и ремонт дорог общего пользования местного значения в рамках муниципальной программы "Строительство, капитальный ремонт, ремонт и содержание автомобильных дорог общего пользования местного значения в населенных пунктах муниципального образования Виллозское сельское поселение муниципального образования Ломоносовский муниципальный район Ленинградской области на 2016 - 2018 годы" | B73: 905 | C73: 04 09 | D73: 05001S0140 | F73: =F74 -> 900 | G73: =G74 -> 900 | H73: =H74 -> 900
A74: Иные закупки товаров, работ и услуг для обеспечения государственных (муниципальных) нужд | B74: 905 | C74: 04 09 | D74: 05001S0140 | E74: 240 | F74: 900 | G74: 900 | H74: 900
A75: Основное мероприятие "Содержание автомобильных дорог общего пользования местного значения, дворовых территорий многоквартирных домов и проездов к ним" | B75: 905 | C75: 04 09 | D75: 0500200000 | F75: =F76 -> 27000 | G75: =G76 -> 7000 | H75: =H76 -> 7400
A76: Содержание дорог общего пользования местного значения | B76: 905 | C76: 04 09 | D76: 0500201030 | F76: =F77+F78 -> 27000 | G76: =G77+G78 -> 7000 | H76: =H77+H78 -> 7400
A77: Иные закупки товаров, работ и услуг для обеспечения государственных (муниципальных) нужд | B77: 905 | C77: 04 09 | D77: 0500201030 | E77: 240 | F77: 21500 | G77: 1000 | H77: 900
A78: Субсидии юридическим лицам (кроме некоммерческих организаций), индивидуальным предпринимателям, физическим лицам - производителям товаров, работ, услуг | B78: 905 | C78: 04 09 | D78: 0500201030 | E78: 810 | F78: 5500 | G78: 6000 | H78: 6500
A79: Основное мероприятие "Техническое оснащение, постановка на кадастровый учет объектов недвижимости в целях государственной регистрации прав" | B79: 905 | C79: 04 09 | D79: 0500300000 | F79: =F80 -> 800 | G79: =G80 -> 800 | H79: =H80 -> 600
A80: Техническое оснащение и паспортизация автомобильных дорог общего пользования местного значения | B80: 905 | C80: 04 09 | D80: 0500301050 | F80: =F81 -> 800 | G80: =G81 -> 800 | H80: =H81 -> 600
A81: Иные закупки товаров, работ и услуг для обеспечения государственных (муниципальных) нужд | B81: 905 | C81: 04 09 | D81: 0500301050 | E81: 240 | F81: 800 | G81: 800 | H81: 600
A82: Муниципальная программа "Обеспечение безопасности на территории муниципального образования Виллозское городское поселение Ломоносовского муниципального района Ленинградской области на 2020 - 2022 годы" | B82: 905 | C82: 04 09 | D82: 1400000000 | F82: =F83 -> 2000 | G82: =G83 -> 1500 | H82: =H83 -> 1300
A83: Мероприятия по обеспечению безопасности дорожного движения | B83: 905 | C83: 04 09 | D83: 1400001360 | F83: =F84 -> 2000 | G83: =G84 -> 1500 | H83: =H84 -> 1300
A84: Иные закупки товаров, работ и услуг для обеспечения государственных (муниципальных) нужд | B84: 905 | C84: 04 09 | D84: 1400001360 | E84: 240 | F84: 2000 | G84: 1500 | H84: 1300
A85: Другие вопросы в области национальной экономики | B85: 905 | C85: 04 12 | F85: =F86 -> 12800 | G85: =G86 -> 4600 | H85: =H86 -> 5500
A86: Муниципальная программа "Регулирование градостроительной деятельности муниципального образования Виллозское городское поселение Ломоносовского муниципального района Ленинградской области на 2020 - 2022 годы" | B86: 905 | C86: 04 12 | D86: 1500000000 | F86: =F87+F89 -> 12800 | G86: =G87+G89 -> 4600 | H86: =H87+H89 -> 5500
A87: Мероприятия по регулированию градостроительной деятельности в области территориального планирования и планировки территории | B87: 905 | C87: 04 12 | D87: 1500001370 | F87: =F88 -> 4700 | G87: =G88 -> 2600 | H87: =H88 -> 2600
A88: Иные закупки товаров, работ и услуг для обеспечения государственных (муниципальных) нужд | B88: 905 | C88: 04 12 | D88: 1500001370 | E88: 240 | F88: 4700 | G88: 2600 | H88: 2600
A89: Мероприятия по регулированию градостроительной деятельности в области архитектуры и строительства | B89: 905 | C89: 04 12 | D89: 1500001380 | F89: =F90 -> 8100 | G89: =G90 -> 2000 | H89: =H90 -> 2900
A90: Иные закупки товаров, работ и услуг для обеспечения государственных (муниципальных) нужд | B90: 905 | C90: 04 12 | D90: 1500001380 | E90: 240 | F90: 8100 | G90: 2000 | H90: 2900
A91: ЖИЛИЩНО-КОММУНАЛЬНОЕ ХОЗЯЙСТВО | B91: 905 | C91: 05 00 | F91: =F92+F106+F118 -> 311331.5 | G91: =G92+G106+G118 -> 197145 | H91: =H92+H106+H118 -> 181135
A92: Жилищное хозяйство | B92: 905 | C92: 05 01 | F92: =F93+F96+F99+F102 -> 59535 | G92: =G93+G96+G99+G102 -> 24650 | H92: =H93+H96+H99+H102 -> 23850
A93: Муниципальная программа «Капитальный ремонт муниципального жилищного фонда муниципального образования Виллозское городское поселение Ломоносовского муниципального района Ленинградской области на 2020 – 2022 годы» | B93: 905 | C93: 05 01 | D93: 0400000000 | F93: =F94 -> 1950 | G93: =G94 -> 1950 | H93: =H94 -> 1950
A94: Мероприятия по капитальному ремонту муниципального жилищного фонда | B94: 905 | C94: 05 01 | D94: 0400001010 | F94: =F95 -> 1950 | G94: =G95 -> 1950 | H94: =H95 -> 1950
A95: Иные закупки товаров, работ и услуг для обеспечения государственных (муниципальных) нужд | B95: 905 | C95: 05 01 | D95: 0400001010 | E95: 240 | F95: 1950 | G95: 1950 | H95: 1950
A96: Муниципальная программа "Энергосбережение и повышение энергетической эффективности на территории муниципального образования Виллозское городское поселение Ломоносовского муниципального района Ленинградской области на 2020 - 2022 годы" | B96: 905 | C96: 05 01 | D96: 0800000000 | F96: =F97 -> 44600 | G96: =G97 -> 21750 | H96: =H97 -> 20950
A97: Мероприятия по энергосбережению и повышению энергоэффективности муниципального жилищного фонда | B97: 905 | C97: 05 01 | D97: 0800001130 | F97: =F98 -> 44600 | G97: =G98 -> 21750 | H97: =H98 -> 20950
A98: Иные закупки товаров, работ и услуг для обеспечения государственных (муниципальных) нужд | B98: 905 | C98: 05 01 | D98: 0800001130 | E98: 240 | F98: 44600 | G98: 21750 | H98: 20950
A99: Муниципальная программа "Капитальный ремонт общего имущества в многоквартирных домах, расположенных на территории Виллозского городского поселения на 2019 - 2020 годы" | B99: 905 | C99: 05 01 | D99: 1700000000 | F99: =F100 -> 12000 | G99: =G100 -> 0 | H99: =H100 -> 0
A100: Мероприятия по капитальному ремонту общего имущества в многоквартирных домах | B100: 905 | C100: 05 01 | D100: 1700001430 | F100: =F101 -> 12000 | G100: =G101 -> 0 | H100: =H101 -> 0
...

Sheet Мун. заимств.
M1: Приложение 11
M2: к приложению 1
M3: решения Совета депутатов
M4: Виллозское городское поселение
M5: от "06" ноября 2019 г. № 18
A6: Программа муниципальных заимствований муниципального образования Виллозское городское поселение Ломоносовского муниципального района Ленинградской области на 2020 год и плановый период 2021 и 2022 годов
B7: Предельная величина (тыс. руб.) | E7: Объем привлечения (тыс. руб.) | H7: Объем погашения (тыс. руб.) | K7: Предельная величина (тыс. руб.)
B8: на 01.01.2020г. | C8: на 01.01.2021г. | D8: на 01.01.2022г. | E8: на 01.01.2020г. | F8: на 01.01.2021г. | G8: на 01.01.2022г. | H8: на 01.01.2020г. | I8: на 01.01.2021г. | J8: на 01.01.2022г. | K8: на 01.01.2020г. | L8: на 01.01.2021г. | M8: на 01.01.2022г.
A9: Обязательства, действующие на 1 января – всего: | B9: 0 | C9: 0 | D9: 0 | E9: 0 | F9: 0 | G9: 0 | H9: 0 | I9: 0 | J9: 0 | K9: 0 | L9: 0 | M9: 0
A10: Обязательства, планируемые в 2019 году – всего, | B10: 0 | C10: 0 | D10: 0 | E10: 0 | F10: 0 | G10: 0 | H10: 0 | I10: 0 | J10: 0 | K10: 0 | L10: 0 | M10: 0
A11: в том числе: бюджетные кредиты, полученные от других бюджетов бюджетной системы Российской Федерации | B11: 0 | C11: 0 | D11: 0 | E11: 0 | F11: 0 | G11: 0 | H11: 0 | I11: 0 | J11: 0 | K11: 0 | L11: 0 | M11: 0
A12: ИТОГО: | B12: 0 | C12: 0 | D12: 0 | E12: 0 | F12: 0 | G12: 0 | H12: 0 | I12: 0 | J12: 0 | K12: 0 | L12: 0 | M12: 0

Sheet Полномочия
F1: Приложение 13
F2: к приложению 1
F3: решения Совета депутатов
F4: Виллозское городское поселение
F5: от "06" ноября 2019 г. № 18
A7: МЕЖБЮДЖЕТНЫЕ ТРАНСФЕРТЫ
A8: бюджету муниципального района из местного бюджета муниципального образования Виллозское городское поселение Ломоносовского муниципального района Ленинградской области на осуществление части полномочий по решению вопросов местного значения в соответствии с заключенным соглашением на 2020 год и плановый период 2021 и 2022 годов
A11: Получатель трансферта | B11: 131-ФЗ , ст. 14, пункт 1, подпункт | C11: Наименование передаваемого полномочия | D11: Сумма, тыс. руб.
D13: 2020 год | E13: 2021 год | F13: 2022 год
A14: 1 | B14: 2 | C14: 3 | D14: 4 | E14: 4 | F14: 4
A15: Совет депутатов | B15: п.п.1 | C15: Осуществление внешнего муниципального финансового контроля | D15: 60 | E15: 60 | F15: 60

Sheet Бюджетные инвестиции
H1: Приложение 12
H2: к приложению 1
H3: решения Совета депутатов
H4: Виллозское городское поселение
H5: от "06" ноября 2019 г. № 18
A6: Бюджетные инвестиции в форме капитальных вложений в объекты муниципальной собственности муниципального образования Виллозское городское поселение Ломоносовского муниципального района Ленинградской области на 2020 год и плановый период 2021 и 2022 годов
A8: Наименование государственной программы | B8: Срок финансирования | C8: Планируемые объемы финансирования (в тыс. рублей) | H8: Индикаторы реализации (целевые задания, мощность)
C9: Всего | D9: Федеральный бюджет | E9: Областной бюджет | F9: Местный бюджет | G9: Прочие источники
A10: 1 | B10: 2 | C10: 3 | D10: 4 | E10: 5 | F10: 6 | G10: 7 | H10: 8
A11: 1. Строительство и реконструкция объектов муниципальной собственности
A12: Муниципальная программа Обеспечение устойчивого функционирования и развития объектов коммунальной инфраструктуры муниципального образования Виллозское городское поселение Ломоносовского муниципального района Ленинградской области на 2018 -2020 годы | C12: =SUM(D12:F12) -> 81800 | D12: - | E12: - | F12: =F13 -> 81800 | G12: _
A13: Строительство и реконструкция объектов коммунальной инфраструктуры, в т.ч. | B13: 2019 год | C13: =F13 -> 81800 | D13: _ | E13: _ | F13: =F14+F15+F16+F17 -> 81800 | G13: _
B14: 2019 год | C14: =F14 -> 3300 | D14: - | E14: - | F14: 3300 | G14: _ | H14: Строительство сетей водоснабжения, водоотведения, отопления ГВС для подключения Физкильтурно-оздоровительного комплекса с 25-метровым плавательным бассейном и универсальным игровым залом в гп Виллози
B15: 2020 год | C15: =F15 -> 3500 | D15: - | E15: - | F15: 3500 | G15: _ | H15: Подготовка проектной документации для строительства линии водопровода от Волхонского шоссе до д. Малое Карлино
B16: 2020 год | C16: =F16 -> 55000 | D16: - | E16: - | F16: 55000 | G16: _ | H16: Строительство котельной д. Малое Карлино
B17: 2021 год | C17: =F17 -> 20000 | D17: - | E17: - | F17: 20000 | G17: _ | H17: Строительство линии водопровода от Волхонского шоссе до д. Малое Карлино
A18: Муниципальная программа "Газификация населенных пунктов муниципального образования Виллозское городское поселение Ломоносовского муниципального района Ленинградской области на 2018 - 2020 годы" | B18: 2019 год | C18: =C19+C20 -> 12000 | D18: - | E18: - | F18: =F19+F20 -> 12000 | G18: _ | H18: Строительство распределительного газопровода жилых домов ИЖС д. Малое Карлино
A19: Строительство объектов муниципальной собственности | B19: 2020 год | C19: =F19 -> 2000 | F19: 2000
B20: 2021 год | C20: =F20 -> 10000 | D20: - | E20: - | F20: 10000 | G20: _
A21: Муниципальная программа"Энергосбережение и повышение энергетической эффективности на территории муниципального образования Виллозское сельское поселение муниципального образования Ломоносовский муниципальный район Ленинградской области на 2018 - 2020 годы" | C21: =SUM(D21:F21) -> 8000 | D21: - | E21: - | F21: =F22+F23+F24 -> 8000 | G21: _ | H21: Сеть уличного освещения
A22: Строительство сетей электроснабжения, уличного освещения | B22: 2020 год | C22: =F22 -> 5000 | F22: 5000
A23: Строительство сетей электроснабжения, уличного освещения | B23: 2021 год | C23: =F23 -> 1500 | F23: 1500
A24: Строительство сетей электроснабжения, уличного освещения | B24: 2022 год | C24: =F24 -> 1500 | D24: _ | E24: _ | F24: 1500 | G24: _
A25: Муниципальная программа "Развитие молодежной политики и спорта в муниципальном образовании Виллозское городское поселение Ломоносовского муниципального района Ленинградской области на 2018 - 2020 годы" | B25: 2020 - 2021 годы | C25: =E25+F25 -> 215311 | D25: - | E25: =E27+E28 -> 150311 | F25: =F26+F27+F28 -> 65000 | G25: -
A26: Мероприятия по развитию физической культуры и массового спорта | B26: 2021 год | C26: =F26 -> 53000 | F26: 53000 | G26: - | H26: Дообустройство спортивной площадки в д. Малое Карлино
A27: Строительство объектов физической культуры | B27: 2020 год | C27: =E27+F27 -> 101000 | D27: - | E27: 90000 | F27: 11000 | G27: - | H27: Физкультурно-оздоровительный комплекс с 25-метровым плавательным бассейном и универсальным игровым залом в гп. Виллози Ломоносовского муниципального района Ленинградской области
B28: 2020 год | C28: =E28+F28 -> 61311 | E28: 60311 | F28: 1000
A29: ИТОГО: | C29: =E29+F29 -> 317111 | D29: - | E29: =E25 -> 150311 | F29: =F12+F18+F21+F25 -> 166800 | G29: _
